 Dungeon Crawl Stone Soup version 0.17-a0-1115-g0372368 (webtiles) character file.

10 futacatgirl the Sneak (level 2, 0/22 HPs)
             Began as a Naga Wizard on May 23, 2015.
             Slain by a jackal (2 damage)
             ... on level 1 of the Dungeon.
             The game lasted 00:02:26 (737 turns).

futacatgirl the Sneak (Naga Wizard)                  Turns: 737, Time: 00:02:26

Health: 0/22       AC:  1    Str:  9    XL:     2   Next: 20%
Magic:  0/6        EV:  9    Int: 18    God:
Gold:   28         SH:  0    Dex:  9    Spells: 1 memorised, 6 levels left

rFire  . . .     SeeInvis +     e - -3 whip (curse)
rCold  . . .     Clarity  .     a - +0 robe
rNeg   . . .     SustAt   .     (no shield)
rPois  +         Gourm    .     b - +0 hat
rElec  .         Spirit   .     (no cloak)
rCorr  .         Warding  .     (no gloves)
rMut   .         Stasis   .     (no barding)
MR     .....                    (no amulet)
Stlth  ++........               (no ring)
                                (no ring)

@: very slightly contaminated, very slow, not resistant to hostile enchantments,
unstealthy
A: see invisible, deformed body, poison resistance, slowness 2, slow metabolism
1, spit poison 2, AC +0
a: Spit Poison


You were on level 1 of the Dungeon.
You were not hungry.

You visited 1 branch of the dungeon, and saw 1 of its levels.

You collected 28 gold pieces.

Inventory:

Hand weapons
 e - a cursed -3 whip (weapon)
   (You took it off a kobold on level 1 of the Dungeon)
Armour
 a - a +0 robe (worn)
 b - a +0 hat (worn)
Books
 c - a book of Minor Magic
Comestibles
 d - a bread ration {@e1}


   Skills:
 + Level 0.0 Fighting
 + Level 1.6 Dodging
 + Level 3.2 Stealth
 - Level 3.0 Spellcasting
 * Level 2.0 Conjurations
   Level 1.0 Summonings
   Level 1.0 Translocations


You had 6 spell levels left.
You knew the following spells:

 Your Spells              Type           Power        Failure   Level  Hunger
a - Magic Dart            Conj           #...         10%         1    None


Dungeon Overview and Level Annotations

Branches:
Dungeon (1/15)

Altars:


Innate Abilities, Weirdness & Mutations

You cannot wear boots.
Your serpentine skin is tough (AC +0).
You have supernaturally acute eyesight.
Armour fits poorly on your strangely shaped body.
Your system is resistant to poisons.
You cover ground very slowly.
You have a slow metabolism.
You can spit poison.


Message History

a club; a hobgoblin corpse You butcher the hobgoblin corpse.
f - 3 chunks of flesh {@w0}
There is an open door here.
You see here a club.
You start resting.
All of the chunks of flesh in your inventory have rotted away.
You start waiting.
Done waiting.
Health restored: 22; MP restored: 6
There is an open door here.
You see here a club.
You see here 4 stones.
You see here an enchanted whip.
e - an enchanted whip Wield which item (- for none, * to show all)? (? for menu, Esc to quit)
It sticks to your hand!
e - a cursed -3 whip (weapon)
Drop what? 5/52 slots (_ for help) (? for menu, Esc to quit)
Okay, then.
Read which item? (? for menu, Esc to quit)
Okay, then.
You see here 2 stones.
You see here a short sword.
You now have 28 gold pieces (gained 10).
Found a stone staircase leading down.
A bat comes into view.
A bat is nearby!
A bat comes into view.
The bat moves out of view.
Found a stone staircase leading down.
The helpless bat fails to defend itself.
You hit the bat but do no damage. The bat closely misses you.
The bat hits you but does no damage. The bat misses you.
The bat barely misses you. The bat hits you but does no damage.
The bat hits you. The bat closely misses you.
You take 1 damage, and have 21/22 hp.
The bat barely misses you. The bat hits you but does no damage.
The bat barely misses you.
You hit the bat.
You kill the bat!
The bat completely misses you. The bat hits you.
You take 1 damage, and have 20/22 hp.
The bat closely misses you.
You hit the bat but do no damage. The bat barely misses you.
The bat hits you but does no damage. The bat barely misses you.
You hit the bat. The bat closely misses you.
You hit the bat.
You kill the bat!
Your Conjurations skill increases to level 2!
A jackal comes into view.
You barely miss the jackal.
The jackal barks!
You hear a bark!
You hear a bark!
The jackal bites you.
You take 3 damage, and have 17/22 hp.
You closely miss the jackal. The jackal bites you. The jackal bites you.
You take 3 damage, and have 14/22 hp.
You are too injured to fight recklessly!
You are too injured to fight recklessly!
You are too injured to fight recklessly!
You are too injured to fight recklessly!
You are too injured to fight recklessly!
Aim: a jackal You miscast Magic Dart.
You are very lightly contaminated with residual magic.
Your hair stands on end.
The jackal bites you but does no damage.
A jackal comes into view.
You now have 5/6 mp.
Aim: a jackal The magic dart hits the jackal.
The jackal bites you. The jackal barely misses you.
You take 2 damage, and have 13/22 hp.
You now have 4/6 mp.
Aim: a jackal (heavily wounded)
The magic dart hits the jackal.
The jackal bites you.
You take 3 damage, and have 10/22 hp.
You now have 3/6 mp.
Aim: a jackal (heavily wounded)
The magic dart hits the jackal.
The jackal bites you.
You take 1 damage, and have 9/22 hp.
You now have 2/6 mp.
Aim: a jackal (severely wounded)
You miscast Magic Dart.
Sparks fly from your hands! The jackal closely misses you.
The jackal bites you. The jackal closely misses you.
You take 2 damage, and have 7/22 hp.
You now have 1/6 mp.
Aim: a jackal (severely wounded)
The magic dart hits the jackal.
The jackal bites you.
* * * LOW HITPOINT WARNING * * *
The jackal bites you.
* * * LOW HITPOINT WARNING * * *
The jackal bites you.
* * * LOW HITPOINT WARNING * * *
A jackal comes into view.
The jackal barks!
You take 4 damage, and have 3/22 hp.
You now have 0/6 mp.
You don't have enough magic to cast that spell.
You closely miss the jackal. The jackal bites you.
* * * LOW HITPOINT WARNING * * *
The jackal bites you.
You die...

#.. ##.. ### ..... #.. ##
....##.###+#### .#
..h.....>.... .#
#.......... .######..##
#.......... .#........#
#hh........ .#........#
#.@........
##........#####..........
#...........##†.........
#.........#.##..........
#.........#.##..#####'##
#.........#.##........#
#####)..#...##...######
#...##..##.......... ###
#(..##..##.#.###.###


You could see 3 jackals.

Vanquished Creatures
  3 bats (D:1)
  A hobgoblin (D:1)
  4 kobolds (D:1)
  2 rats (D:1)
10 creatures vanquished.

Notes
Turn   | Place    | Note
--------------------------------------------------------------
     0 | D:1      | futacatgirl the Naga Wizard began the quest for the Orb.
     0 | D:1      | Reached XP level 1. HP: 15/15 MP: 4/4
   321 | D:1      | HP: 3/15 [hobgoblin (3)]
   324 | D:1      | Reached XP level 2. HP: 4/22 MP: 0/6
   727 | D:1      | Reached skill level 2 in Conjurations
   736 | D:1      | HP: 5/22 [jackal (2)]
   737 | D:1      | HP: 2/22 [jackal (1)]
   737 | D:1      | Slain by a jackal

Vault maps used:
D:1:      lemuel_arrival_hallway

Action                   || total
-------------------------++-------
Melee: Unarmed           ||    20
       Whip              ||     8
 Cast: Magic Dart        ||    17
 Abil: Spit Poison       ||     2
 Stab: Sleeping          ||     2

Vault maps used:
D:1:      lemuel_arrival_hallway

Table legend:
 A = Turns spent in this place as a percentage of turns spent in the entire game.
 B = Non-inter-level travel turns spent in this place as a percentage of non-inter-level travel turns spent in the entire game.
 C = Inter-level travel turns spent in this place as a percentage of turns spent in this place.
 D = Turns resting spent in this place as a percentage of non-inter-level travel turns spent in this place.
 E = Turns spent auto-exploring this place as a percentage of non-inter-level travel turns spent in this place.
 F = Non-inter-level travel turns spent in this place divided by the number of levels of this place that you've seen.
                   A       B       C       D       E      F
               +-------+-------+-------+-------+-------+----------------------
         Total | 100.0 | 100.0 |   0.0 |  10.0 |   3.3 | 150.0
       Dungeon | 100.0 | 100.0 |   0.0 |  10.0 |   3.3 | 150.0
               +-------+-------+-------+-------+-------+----------------------

Table legend:
 A = Kills in this place as a percentage of kills in entire the game.
 B = Kills by you in this place as a percentage of kills by you in the entire game.
 C = Kills by friends in this place as a percentage of kills by friends in the entire game.
 D = Other kills in this place as a percentage of other kills in the entire game.
 E = Experience gained in this place as a percentage of experience gained in the entire game.
 F = Experience gained in this place divided by the number of levels of this place that you have seen.
                   A       B       C       D       E      F
               +-------+-------+-------+-------+-------+----------------------
         Total | 100.0 | 100.0 |  -nan |  -nan | 100.0 |  15.0
       Dungeon | 100.0 | 100.0 |  -nan |  -nan | 100.0 |  15.0
               +-------+-------+-------+-------+-------+----------------------
